 Dungeon Crawl Stone Soup version 0.23-a0-389-g4a5eb33 (webtiles) character file.

492 Cryolive the Digger (level 7, -4/36 HPs)
             Began as a Gargoyle Earth Elementalist on Oct 29, 2018.
             Killed from afar by an orc wizard (5 damage)
             ... with a puff of flame
             ... on level 4 of the Dungeon.
             The game lasted 00:06:39 (3805 turns).

Cryolive the Digger (Gargoyle Earth Elementalist)   Turns: 3805, Time: 00:06:42

Health: -4/36      AC:  7    Str:  9 (12) XL:     7   Next: 14%
Magic:  13/13      EV: 12    Int: 16 (17) God:
Gold:   115        SH:  0    Dex:  9 (10) Spells: 5/14 levels left

rFire    . . .     SeeInvis .   h - +0 mace
rCold    . . .     Gourm    .   (no shield)
rNeg     + . .     Faith    .   c - +0 robe
rPois    ∞         Spirit   .   (no helmet)
rElec    +         Reflect  .   (no cloak)
rCorr    .         Harm     .   (no gloves)
MR       .....                  o - +0 pair of boots
Stlth    ++........             f - amulet of the acrobat
HPRegen  0.12/turn              (no ring)
MPRegen  0.13/turn              (no ring)

@: no status effects
A: negative energy resistance 1, electricity resistance, unbreathing,
petrification resistance, rot immunity, AC +4
a: no special abilities


You were on level 4 of the Dungeon.
You were near starving.

You visited 1 branch of the dungeon, and saw 4 of its levels.

You collected 115 gold pieces.

Inventory:

Hand Weapons
 h - a +0 mace (weapon)
Missiles
 b - 57 stones (quivered)
Armour
 c - a +0 robe (worn)
 o - a +0 pair of boots (worn)
Jewellery
 f - an amulet of the acrobat (around neck)
 n - an uncursed ring of magical power {unknown}
Scrolls
 a - 4 scrolls of remove curse {unknown}
 e - 5 scrolls of identify {unknown}
 i - 2 scrolls of enchant armour {unknown}
 j - a scroll of fear {unknown}
 l - a scroll of amnesia {unknown}
 r - a scroll of magic mapping {unknown}
Potions
 k - a potion of mutation {unknown}
 m - 2 potions of flight {unknown}
 p - a potion of heal wounds {unknown}
 q - 2 potions of curing {unknown}
Comestibles
 d - 11 rations


   Skills:
 - Level 1.5 Dodging
 - Level 2.1 Stealth
 + Level 4.4 Spellcasting
 + Level 3.8 Conjurations
   Level 0.7 Transmutations
 + Level 6.4 Earth Magic


You had 5 spell levels left.
You knew the following spells:

 Your Spells              Type           Power        Failure   Level  Hunger
a - Sandblast             Erth           ###...       1%          1    None
b - Stone Arrow           Conj/Erth      ###...       6%          3    ###....
c - Lee's Rapid Deconstr  Erth           ###.......   32%         5    ######.

Your spell library contained the following spells:

 Spells                   Type           Power        Failure   Level  Hunger
 Passwall                 Tmut/Erth      ##......     5%          2    ##.....
 Petrify                  Tmut/Erth      ##......     36%         4    ####...


Dungeon Overview and Level Annotations

Branches:
Dungeon (4/15)
 Temple: D:4-7

Altars:
Dithmenos

Shops:
D:4 [

Annotations:
D:3 1 runed door


Innate Abilities, Weirdness & Mutations

You are resistant to torment.
Your stone body is resilient. (AC +4)
You are immune to poison.
You resist negative energy. (rN+)
You are resistant to electric shocks. (rElec)
You can survive without breathing.
You are immune to petrification.
You are immune to rotting.


Message History

You miss something.
You hear some strange, mumbled words.
Something tries to affect you, but you resist.
Something hits you but does no damage.
You hit something but do no damage. Something hits you but does no damage.
You hit something. Something hits you.
You miss something.
You hear some strange, mumbled words.
A magic dart appears from out of thin air!
The magic dart hits you!
* * * LOW HITPOINT WARNING * * *
Something hits you.
* * * LOW HITPOINT WARNING * * *
It was a potion of degeneration.
There was something very wrong with that liquid.
You feel weakened.
You feel dopey.
You feel clumsy.
You hear some strange, mumbled words.
A puff of flame appears from out of thin air!
The puff of flame hits you!
You die...

#.. #..)...####
#.# #......# #)#
#....^## # #.#
#.....# #
#.######.....# #
#o#......##### #
#o#.####.#### #
#{#.##.∩....# #
#@#.##.#.##.#### #
#.#.##.#.......# #
#.#......##.##.# #
#.####.#.##.##.###
#......#.##.......
########.#####.###
#.#####.#
#.......#
#########


You could see 2 orcs.

Vanquished Creatures
  A scorpion (D:4)
  2 wights (D:4)
  A howler monkey (D:4)
  A hound (D:2)
  An orc priest (D:4)
  2 orc wizards
  A worker ant (D:3)
  A howler monkey zombie (D:4)
  9 adders
  2 oozes (D:2)
  2 dart slugs
  2 leopard geckos
  11 orcs
  4 giant cockroaches
  9 goblins
  6 hobgoblins
  3 quokkas (D:3)
  A ball python (D:4)
  5 bats
  8 frilled lizards
  7 kobolds
  8 rats
87 creatures vanquished.

Notes
Turn   | Place    | Note
-------+----------+-------------------------------------------
     0 | D:1      | Cryolive the Gargoyle Earth Elementalist began the quest
                  | for the Orb.
     0 | D:1      | Reached XP level 1. HP: 10/10 MP: 3/3
   357 | D:1      | Reached XP level 2. HP: 8/15 MP: 3/5
   371 | D:1      | Reached skill level 4 in Earth Magic
   993 | D:2      | Reached XP level 3. HP: 13/19 MP: 7/7
  1009 | D:2      | Learned a level 3 spell: Stone Arrow
  1027 | D:2      | Found a shadowy altar of Dithmenos.
  1382 | D:2      | Reached skill level 1 in Conjurations
  1382 | D:2      | Reached XP level 4. HP: 11/24 MP: 6/8
  1452 | D:2      | Reached skill level 5 in Earth Magic
  1795 | D:3      | Reached XP level 5. HP: 28/28 MP: 2/10
  2671 | D:3      | Found a runed door.
  2708 | D:3      | Reached XP level 6. HP: 32/32 MP: 11/11
  2715 | D:3      | Learned a level 5 spell: Lee's Rapid Deconstruction
  3279 | D:4      | Reached skill level 6 in Earth Magic
  3661 | D:4      | Reached XP level 7. HP: 36/36 MP: 6/13
  3716 | D:4      | Found Kyeco's Armour Boutique.
  3804 | D:4      | HP: 1/36 [something (1)]
  3805 | D:4      | Killed from afar by an orc wizard

Vault maps used:
D:1:      dpeg_arrival_renting
D:2:      lemuel_doored_altar, minmay_heptomino_h4
D:3:      kennysheep_six_static_rooms, uniq_crazy_yiuf_cottage
D:4:      nemelex_xobeh_ov_fountains_minmay, minmay_temple_entry_hall,
          serial_shops, shop, makhleb_altar_promises_db

Skill      XL: |  1  2  3  4  5  6 |
---------------+-------------------+-----
Earth Magic    | 4 5 6 |  6.4
Spellcasting   | 3 4 |  4.4
Conjurations   | 1 2 3 |  3.8
Dodging        | |  1.5
Stealth        | |  2.1
Transmutations | |  0.7

Action                   |  1- 3 |  4- 6 |  7- 9 || total
-------------------------+-------+-------+-------++-------
Melee: Unarmed           |    35 |       |       ||    35
       Mace              |    75 |   215 |    36 ||   326
 Cast: Sandblast         |    11 |    20 |     3 ||    34
       Stone Arrow       |       |     9 |     1 ||    10
  Use: Potion            |       |       |     1 ||     1
 Stab: Sleeping          |     8 |     4 |       ||    12
  Eat: Chunk             |     1 |     8 |       ||     9
Armor: Robe              |    37 |   119 |    23 ||   179
Dodge: Dodged            |   104 |   236 |    13 ||   353

Table legend:
 A = Non-vault XP
 B = Vault XP
 C = Vault XP percentage of total XP
 D = Non-vault monster count
 E = Vault monster count
 F = Vault count percentage of total count
                 A         B        C        D         E       F
            +---------+---------+-------+---------+---------+-------
      Total |     668 |      36 |   5.1 |      78 |       9 |  10.3
            +---------+---------+-------+---------+---------+-------
        D:1 |      32 |       0 |   0.0 |      21 |       0 |   0.0
        D:2 |      87 |      28 |  24.3 |      15 |       3 |  16.7
        D:3 |     185 |       8 |   4.1 |      27 |       6 |  18.2
        D:4 |     364 |       0 |   0.0 |      15 |       0 |   0.0
            +---------+---------+-------+---------+---------+-------
